ORI
UNIVERSITY OF SOUTHERN CALIFORNIA TROJANS @ MISSISSIPPI STATE UNIVERSITY BULLDOGS
10/25/2044
 
TOP OF THE 1ST
University of Southern California Trojans batting - Pitching for Mississippi State University Bulldogs : RHP Ryan Zart
Pitching: RHP Ryan Zart
Batting: RHB Joaquin Salazar 0-0: Ball
1-0: Called Strike
1-1: Ball
2-1: Ball
3-1: Foul Ball, location: 2F
3-2: Fly out, F7 (Flyball, 7, EV 85.6 MPH)
Batting: LHB Alex Chairez 0-0: Called Strike
0-1: Called Strike
0-2: SINGLE (Groundball, 6M, EV 105.0 MPH) (infield hit)
Batting: RHB Carlos Livas 0-0: Ball
1-0: Ball
Alex Chairez steals 2nd base
2-0: SINGLE (Groundball, 34S, EV 62.5 MPH) (infield hit)
Alex Chairez to third
Batting: LHB Miguel Espinoza 0-0: Ball
Carlos Livas is caught stealing 2nd base 2-6
1-0: Foul Ball, location: 2F
1-1: Ball
2-1: SINGLE (Groundball, 6MD, EV 103.8 MPH)
Alex Chairez scores
Batting: RHB Jon Solis 0-0: Ball
1-0: Ball
Miguel Espinoza steals 2nd base
2-0: Foul Ball, location: 2F
2-1: SINGLE (Groundball, 34, EV 95.0 MPH)
Miguel Espinoza to third
Runner from 3rd tries for Home, SAFE, throw by RF to home
Jon Solis to second
Batting: SHB Rodrigo Mendoza 0-0: Ball
1-0: Ball
2-0: Ball
3-0: Swinging Strike
3-1: Fly out, F7 (Flyball, 7S, EV 85.6 MPH)
Top of the 1st over - 2 runs, 4 hits, 0 errors, 1 left on base; University of Southern California 2 - Mississippi State University 0
BOTTOM OF THE 1ST
Mississippi State University Bulldogs batting - Pitching for University of Southern California Trojans : RHP Mike Zimmerman
Pitching: RHP Mike Zimmerman
Batting: RHB Bo Mar 0-0: Foul Ball, location: 2F
0-1: Ball
1-1: Fly out, F7 (Flyball, 7, EV 98.1 MPH)
Batting: RHB George Wagner 0-0: Swinging Strike
0-1: Ball
1-1: Ground out U3 (Groundball, 3, EV 83.8 MPH)
Batting: LHB Dusty Bryant 0-0: Ball
1-0: Called Strike
1-1: Ball
2-1: Ground out 4-3 (Groundball, 4, EV 87.5 MPH)
Bottom of the 1st over - 0 runs, 0 hits, 0 errors, 0 left on base; University of Southern California 2 - Mississippi State University 0
TOP OF THE 2ND
University of Southern California Trojans batting - Pitching for Mississippi State University Bulldogs : RHP Ryan Zart
Batting: RHB Arturo Galdamez 0-0: Ball
1-0: Swinging Strike
1-1: Ball
2-1: Swinging Strike
2-2: Fly out, F6 (Popup, P, EV 89.4 MPH)
Batting: RHB Luis Cruz 0-0: Swinging Strike
0-1: Fly out, F8 (Flyball, 8LD, EV 100.0 MPH)
Pitching: LHP John Schmidt
Batting: RHB Albert Zaragoza 0-0: DOUBLE (Groundball, 5L, EV 104.4 MPH)
Batting: RHB Joaquin Salazar 0-0: Ball
1-0: Ball
2-0: Ball
3-0: Called Strike
3-1: Called Strike
3-2: SINGLE (Groundball, 25, EV 75.0 MPH) (infield hit)
Albert Zaragoza to third
Batting: LHB Alex Chairez 0-0: Ball
1-0: Ball
2-0: Called Strike
Joaquin Salazar is caught stealing 2nd base 2-6
Top of the 2nd over - 0 runs, 2 hits, 0 errors, 1 left on base; University of Southern California 2 - Mississippi State University 0
BOTTOM OF THE 2ND
Mississippi State University Bulldogs batting - Pitching for University of Southern California Trojans : RHP Mike Zimmerman
Batting: SHB Corey Penson 0-0: Called Strike
0-1: Called Strike
0-2: Ground out 4-3 (Groundball, 4, EV 103.1 MPH)
Batting: RHB Alain Marquet 0-0: Ball
1-0: Foul Ball, location: 2F
1-1: Called Strike
1-2: Ball
2-2: Foul Ball, location: 2F
2-2: Foul Ball, location: 2F
2-2: Foul Ball, location: 2F
2-2: Ground out U3 (Groundball, 3S, EV 80.0 MPH)
Batting: RHB Kazuki Arai 0-0: Ball
1-0: Called Strike
1-1: Fly out, F7 (Flyball, 7, EV 82.5 MPH)
Bottom of the 2nd over - 0 runs, 0 hits, 0 errors, 0 left on base; University of Southern California 2 - Mississippi State University 0
TOP OF THE 3RD
University of Southern California Trojans batting - Pitching for Mississippi State University Bulldogs : LHP John Schmidt
Batting: LHB Alex Chairez 0-0: Called Strike
0-1: DOUBLE (Line Drive, 7LD, EV 103.1 MPH)
Batting: RHB Carlos Livas 0-0: Ball
1-0: Fly out, F9 (Flyball, 89S, EV 83.1 MPH)
Batting: LHB Miguel Espinoza 0-0: Ball
1-0: Ball
Passed Ball!
Alex Chairez to third
2-0: Called Strike
2-1: Foul Ball, location: 2F
2-2: SINGLE (Line Drive, 6MD, EV 98.1 MPH)
Alex Chairez scores
Batting: RHB Jon Solis 0-0: Ball
1-0: Ball
2-0: Ball
3-0: Base on Balls
Miguel Espinoza to second
Batting: SHB Rodrigo Mendoza 0-0: Grounds into double play, 5-4-3 (Groundball, 56, EV 103.8 MPH)
Top of the 3rd over - 1 run, 2 hits, 0 errors, 1 left on base; University of Southern California 3 - Mississippi State University 0
BOTTOM OF THE 3RD
Mississippi State University Bulldogs batting - Pitching for University of Southern California Trojans : RHP Mike Zimmerman
Batting: LHB Dave Carlisle 0-0: Fly out, F5 (Flyball, 5D, EV 88.8 MPH)
Batting: RHB Justin Young 0-0: Foul Ball, location: 2F
0-1: Ball
1-1: Swinging Strike
1-2: Strikes out swinging
Batting: LHB Afanasy Zasekin 0-0: Ball
1-0: Reached via error on a dropped throw from 1B, E1 (Groundball, 34, EV 107.5 MPH)
Batting: RHB Bo Mar 0-0: Ball
1-0: Foul Ball, location: 2F
1-1: Ball
Wild Pitch!
Afanasy Zasekin to second
2-1: Called Strike
2-2: Ground out 4-3 (Groundball, 4, EV 101.9 MPH)
Bottom of the 3rd over - 0 runs, 0 hits, 1 error, 1 left on base; University of Southern California 3 - Mississippi State University 0
TOP OF THE 4TH
University of Southern California Trojans batting - Pitching for Mississippi State University Bulldogs : LHP John Schmidt
Batting: RHB Arturo Galdamez 0-0: Called Strike
0-1: Ball
1-1: Swinging Strike
1-2: Ground out 6-3 (Groundball, 6S, EV 87.5 MPH)
Batting: RHB Luis Cruz 0-0: Ball
1-0: Fly out, F8 (Flyball, 89D, EV 109.4 MPH)
Batting: RHB Albert Zaragoza 0-0: Ball
1-0: Ball
2-0: Foul Ball, location: 2F
2-1: Ground out 6-3 (Groundball, 6, EV 82.5 MPH)
Top of the 4th over - 0 runs, 0 hits, 0 errors, 0 left on base; University of Southern California 3 - Mississippi State University 0
BOTTOM OF THE 4TH
Mississippi State University Bulldogs batting - Pitching for University of Southern California Trojans : RHP Mike Zimmerman
Batting: RHB George Wagner 0-0: Ground out U3 (Groundball, 34S, EV 81.9 MPH)
Batting: LHB Dusty Bryant 0-0: Ball
1-0: Foul Ball, location: 2F
1-1: Ball
2-1: Ball
3-1: SINGLE (Flyball, 4D, EV 85.0 MPH)
Batting: SHB Corey Penson 0-0: Called Strike
0-1: Ball
1-1: Foul Ball, location: 2F
1-2: Ball
2-2: Ball
3-2: Fly out, F2 (Popup, 23F, EV 84.4 MPH)
Batting: RHB Alain Marquet 0-0: Ball
1-0: Called Strike
1-1: Fly out, F5 (Flyball, 5D, EV 86.3 MPH)
Bottom of the 4th over - 0 runs, 1 hit, 0 errors, 1 left on base; University of Southern California 3 - Mississippi State University 0
TOP OF THE 5TH
University of Southern California Trojans batting - Pitching for Mississippi State University Bulldogs : LHP John Schmidt
Pitching: LHP Roberto Vargas
Batting: RHB Joaquin Salazar 0-0: Ball
1-0: Ground out 1-3 (Groundball, 34S, EV 69.4 MPH)
Batting: LHB Alex Chairez 0-0: Called Strike
0-1: Foul Ball, location: 2F
0-2: Ball
1-2: Ball
2-2: Foul Ball, location: 2F
2-2: Ball
3-2: Ground out 4-3 (Groundball, 4, EV 105.0 MPH)
Batting: RHB Carlos Livas 0-0: Ball
1-0: Ground out 4-3 (Groundball, 4M, EV 93.8 MPH)
Top of the 5th over - 0 runs, 0 hits, 0 errors, 0 left on base; University of Southern California 3 - Mississippi State University 0
BOTTOM OF THE 5TH
Mississippi State University Bulldogs batting - Pitching for University of Southern California Trojans : RHP Mike Zimmerman
Batting: RHB Kazuki Arai 0-0: Foul Ball, location: 2F
0-1: Ball
1-1: Called Strike
1-2: Ground out 4-3 (Groundball, 4S, EV 73.1 MPH)
Batting: LHB Dave Carlisle 0-0: Ball
1-0: Ball
2-0: Foul Ball, location: 2F
2-1: Ground out 6-3 (Groundball, 6, EV 81.3 MPH)
Batting: RHB Justin Young 0-0: Ball
1-0: DOUBLE (Groundball, 3L, EV 101.9 MPH)
Batting: LHB Afanasy Zasekin 0-0: Ball
1-0: Ball
2-0: Swinging Strike
2-1: SINGLE (Groundball, 25, EV 75.6 MPH) (infield hit)
Justin Young to third
Batting: RHB Bo Mar 0-0: Swinging Strike
0-1: Foul Ball, location: 2F
0-2: Foul Ball, location: 2F
0-2: Fielders Choice at 2nd, 5-4 (Groundball, 56, EV 82.5 MPH)
Bottom of the 5th over - 0 runs, 2 hits, 0 errors, 2 left on base; University of Southern California 3 - Mississippi State University 0
TOP OF THE 6TH
University of Southern California Trojans batting - Pitching for Mississippi State University Bulldogs : LHP Roberto Vargas
Batting: LHB Miguel Espinoza 0-0: Fly out, F4 (Popup, 34D, EV 55.6 MPH)
Batting: RHB Jon Solis 0-0: Called Strike
0-1: Ball
1-1: Foul Ball, location: 2F
1-2: Ball
2-2: SINGLE (Flyball, 89S, EV 93.1 MPH)
Batting: SHB Rodrigo Mendoza 0-0: Fielders Choice at 2nd, 3-6 (Groundball, 34, EV 88.8 MPH)
Batting: RHB Arturo Galdamez 0-0: Ball
1-0: Called Strike
1-1: Foul Ball, location: 2F
1-2: Ball
2-2: SINGLE (Groundball, P, EV 83.8 MPH) (infield hit)
Rodrigo Mendoza to second
Batting: RHB Luis Cruz 0-0: Called Strike
0-1: Fly out, F2 (Popup, 2RF, EV 84.4 MPH)
Top of the 6th over - 0 runs, 2 hits, 0 errors, 2 left on base; University of Southern California 3 - Mississippi State University 0
BOTTOM OF THE 6TH
Mississippi State University Bulldogs batting - Pitching for University of Southern California Trojans : RHP Mike Zimmerman
Batting: RHB George Wagner 0-0: Ground out U3 (Groundball, 34, EV 89.4 MPH)
Batting: LHB Dusty Bryant 0-0: Ball
1-0: Called Strike
1-1: Foul Ball, location: 2F
1-2: Ball
2-2: Ball
3-2: Base on Balls
Pitching: RHP Oscar Alvarado
Batting: SHB Corey Penson 0-0: Ball
1-0: DOUBLE (Line Drive, 9LM, EV 105.0 MPH)
Dusty Bryant to third
Batting: RHB Alain Marquet 0-0: Called Strike
0-1: Fly out, F7 (Flyball, 7, EV 95.6 MPH)
Runner from 3rd tags up, SCORES, throw by LF
Batting: RHB Kazuki Arai 0-0: Ball
1-0: Called Strike
1-1: Swinging Strike
1-2: Foul Ball, location: 2F
1-2: Strikes out looking
Bottom of the 6th over - 1 run, 1 hit, 0 errors, 1 left on base; University of Southern California 3 - Mississippi State University 1
TOP OF THE 7TH
University of Southern California Trojans batting - Pitching for Mississippi State University Bulldogs : LHP Roberto Vargas
Pitching: LHP Jarrett Kelley
Batting: RHB Albert Zaragoza 0-0: Ball
1-0: Ground out 6-3 (Groundball, 6M, EV 81.9 MPH)
Batting: RHB Joaquin Salazar 0-0: Fly out, F8 (Line Drive, 8LD, EV 91.9 MPH)
Batting: LHB Alex Chairez 0-0: Called Strike
0-1: Swinging Strike
0-2: Ground out U3 (Groundball, 34S, EV 70.6 MPH)
Top of the 7th over - 0 runs, 0 hits, 0 errors, 0 left on base; University of Southern California 3 - Mississippi State University 1
BOTTOM OF THE 7TH
Mississippi State University Bulldogs batting - Pitching for University of Southern California Trojans : RHP Oscar Alvarado
Batting: LHB Dave Carlisle 0-0: Ball
1-0: Called Strike
1-1: Called Strike
1-2: Reached on error, E6 (Groundball, 56, EV 102.5 MPH)
Batting: RHB Justin Young 0-0: Fielders Choice at 2nd, 4-6 (Groundball, 4, EV 79.4 MPH)
Pinch Hitting: LHB Rich Matthews 0-0: Called Strike
0-1: SINGLE (Groundball, 56D, EV 102.5 MPH) (infield hit)
Justin Young to second
Pinch Hitting: SHB Dylan Best 0-0: Fielders Choice at 2nd, 4-6 (Groundball, 4, EV 110.0 MPH)
Justin Young to third
Pinch Hitting: RHB Mike Bearden 0-0: Ball
1-0: Ball
2-0: Foul Ball, location: 2F
2-1: Swinging Strike
2-2: Reached on error, E4 (Groundball, 4, EV 90.0 MPH)
Justin Young scores
Dylan Best to second
Batting: LHB Dusty Bryant 0-0: Called Strike
0-1: Foul Ball, location: 2F
0-2: Ball
1-2: Ball
2-2: Ball
3-2: Ground out 6-3 (Groundball, 6, EV 96.9 MPH)
Bottom of the 7th over - 1 run, 1 hit, 2 errors, 2 left on base; University of Southern California 3 - Mississippi State University 2
TOP OF THE 8TH
University of Southern California Trojans batting - Pitching for Mississippi State University Bulldogs : LHP Jarrett Kelley
Pitching: LHP Bryan Payne
Now at 2B: Francisco de la Torre
Now in CF: Rich Matthews
Now in RF: Mike Bearden
Batting: RHB Carlos Livas 0-0: Ball
1-0: Called Strike
1-1: Swinging Strike
1-2: Ball
2-2: Foul Ball, location: 2F
2-2: Strikes out swinging
Batting: LHB Miguel Espinoza 0-0: Foul Ball, location: 2F
0-1: Ball
1-1: SINGLE (Groundball, 4MD, EV 95.0 MPH)
Batting: RHB Jon Solis 0-0: Called Strike
0-1: Ball
1-1: Ball
2-1: Foul Ball, location: 2F
2-2: Foul Ball, location: 2F
2-2: Strikes out swinging
Batting: SHB Rodrigo Mendoza 0-0: Foul Ball, location: 2F
0-1: Called Strike
0-2: Fielders Choice at 2nd, U4 (Groundball, 4M, EV 103.8 MPH)
Top of the 8th over - 0 runs, 1 hit, 0 errors, 1 left on base; University of Southern California 3 - Mississippi State University 2
BOTTOM OF THE 8TH
Mississippi State University Bulldogs batting - Pitching for University of Southern California Trojans : RHP Oscar Alvarado
Pitching: RHP Chris Worster
Batting: SHB Corey Penson 0-0: Foul Ball, location: 2F
0-1: Foul Ball, location: 2F
0-2: Ground out U3 (Groundball, 3, EV 101.9 MPH)
Batting: RHB Alain Marquet 0-0: Called Strike
0-1: Ball
1-1: Called Strike
1-2: Ball
2-2: Ball
3-2: Fly out, F8 (Flyball, 78M, EV 78.1 MPH)
Batting: RHB Kazuki Arai 0-0: Foul Ball, location: 2F
0-1: Ball
1-1: Foul Ball, location: 2F
1-2: Ball
2-2: Fly out, F7 (Flyball, 78S, EV 87.5 MPH)
Bottom of the 8th over - 0 runs, 0 hits, 0 errors, 0 left on base; University of Southern California 3 - Mississippi State University 2
TOP OF THE 9TH
University of Southern California Trojans batting - Pitching for Mississippi State University Bulldogs : LHP Bryan Payne
Batting: RHB Arturo Galdamez 0-0: Foul Ball, location: 2F
0-1: Foul Ball, location: 2F
0-2: Ball
1-2: Ball
2-2: Ball
3-2: Strikes out looking
Batting: RHB Luis Cruz 0-0: Foul Ball, location: 2F
0-1: Ball
1-1: Foul Ball, location: 2F
1-2: Foul Ball, location: 2F
1-2: Ground out 6-3 (Groundball, 56, EV 89.4 MPH)
Batting: RHB Albert Zaragoza 0-0: Ball
1-0: Fly out, F4 (Line Drive, 4, EV 68.8 MPH)
Top of the 9th over - 0 runs, 0 hits, 0 errors, 0 left on base; University of Southern California 3 - Mississippi State University 2
BOTTOM OF THE 9TH
Mississippi State University Bulldogs batting - Pitching for University of Southern California Trojans : RHP Chris Worster
Pitching: RHP Dave Vandehey
Batting: LHB Dave Carlisle 0-0: Called Strike
0-1: Ball
1-1: Foul Ball, location: 2F
1-2: Fly out, F7 (Flyball, 78D, EV 97.5 MPH)
Pinch Hitting: RHB Aaron Barraza 0-0: Ground out 6-3 (Groundball, 6, EV 84.4 MPH)
Batting: LHB Rich Matthews 0-0: Called Strike
0-1: Ball
1-1: Ball
2-1: Foul Ball, location: 2F
2-2: Foul Ball, location: 2F
2-2: Fly out, F4 (Line Drive, 4, EV 65.0 MPH)
Bottom of the 9th over - 0 runs, 0 hits, 0 errors, 0 left on base; University of Southern California 3 - Mississippi State University 2
Thursday, March 31st , 2022 - OOTP Baseball 22.12 Build 89